 Dungeon Crawl Stone Soup version 0.27-a0-1612-gde56a17b89 (webtiles) character file.

Game seed: 11182466282274642092

98 Zonian the Conjurer (level 4, -1/21 HPs)
             Began as a Vine Stalker Conjurer on July 21, 2021.
             Succumbed to an orc wizard's poison
             ... on level 3 of the Dungeon on July 22, 2021.
             The game lasted 00:04:11 (3397 turns).

Zonian the Conjurer (Vine Stalker Conjurer)         Turns: 3397, Time: 00:04:12

Health: -1/21      AC:  3    Str:  9    XL:     4   Next: 69%
Magic:  1/9        EV: 12    Int: 18    God:
Gold:   77         SH:  0    Dex: 14    Spells: 7/8 levels left

rFire    . . .     SeeInvis .   g - +1 dagger
rCold    . . .     Faith    .   (no shield)
rNeg     . . .     Spirit   +   a - +1 robe
rPois    .         Reflect  .   (no helmet)
rElec    .         Harm     .   (no cloak)
rCorr    .         Rampage  .   (no gloves)
Will     .....                  (no boots)
Stlth    ++........             h - amulet of regeneration
HPRegen  2.07/turn              (no ring)
MPRegen  0.11/turn              (no ring)

@: lethally poisoned (-1 -> -4)
A: fangs 2, regeneration 1, magic shield, antimagic bite, no potion heal 2
a: no special abilities


You were on level 3 of the Dungeon.
You visited 1 branch of the dungeon, and saw 3 of its levels.

You collected 77 gold pieces.

Inventory:

Hand Weapons
 g - a +1 dagger (weapon)
 q - a +0 hunting sling
Armour
 a - a +1 robe (worn)
Jewellery
 h - an amulet of regeneration (around neck)
Scrolls
 d - 2 scrolls of noise
 f - a scroll of enchant armour
Potions
 c - 2 potions of resistance
 i - a potion of flight
 j - a potion of heal wounds
 k - a potion of might {unknown}
 l - a potion of ambrosia {unknown}
 p - a potion of attraction {unknown}


   Skills:
 + Level 0.5 Fighting
 + Level 0.9 Short Blades
 + Level 1.8 Dodging
 + Level 3.0 Stealth
 + Level 2.7 Spellcasting
 + Level 5.1 Conjurations


You had 7 spell levels left.
You knew the following spells:

 Your Spells              Type           Power      Damage    Failure   Level
a - Magic Dart            Conj           80%        1d7       1%          1

Your spell library contained the following spells:

 Spells                   Type           Power      Damage    Failure   Level
 Searing Ray              Conj           40%        3d4       3%          2
 Dazzling Flash           Conj/Hex       22%        N/A       19%         3
 Fulminant Prism          Conj/Hex       5%         3d7       52%         4
 Iskenderun's Mystic Bla  Conj/Tloc      11%        2d4       52%         4


Dungeon Overview and Level Annotations

Branches:
Dungeon (3/15)

Altars:

Shops:
D:2 [

Annotations:
D:3 Sigmund


Innate Abilities, Weirdness & Mutations

You have extremely sharp teeth.
Your natural rate of healing is unusually fast.
When hurt, damage is shared between your health and your magic reserves.
Your bite disrupts and absorbs the magic of your enemies.
Potions cannot restore your health.


Message History

You hit the orc wizard. Your bite misses the orc wizard.
The orc wizard is almost dead.
You feel very sick. The orc wizard closely misses you.
You completely miss the orc wizard.
The orc wizard is almost dead.
You feel sick. The orc wizard closely misses you.
Unknown command.
You closely miss the orc wizard. Your bite misses the orc wizard.
The orc wizard is almost dead.
You feel very sick. The orc wizard barely misses you.
You closely miss the orc wizard.
You bite the orc wizard, but do no damage.
The orc wizard is almost dead.
You feel sick.
The orc wizard hits you with a +1 dagger of venom.
You are more poisoned.
Unknown command.
You hit the orc wizard. Your bite misses the orc wizard.
The orc wizard is almost dead.
* * * LOW HITPOINT WARNING * * *
You feel very sick. The orc wizard closely misses you.
Okay, then.
Casting: Magic Dart (safe; 1% risk of failure)
Confirm with . or Enter, or press ? or * to list all spells.
Aiming: Magic Dart (safe; 1% risk of failure)
Press: ? - help, Shift-Dir - straight line, f/p - orc wizard
Aim: an orc wizard, wielding a +1 dagger of venom and wearing a +0 robe (almost dead, mute, 100% to hit)
The magic dart hits the orc wizard.
The orc wizard is almost dead.
* * * LOW HITPOINT WARNING * * *
You feel very sick.
The orc wizard hits you with a +1 dagger of venom.
* * * LOW HITPOINT WARNING * * *
You are more poisoned.
You hit the orc wizard.
You kill the orc wizard!
You die...

*,,,,,,,,,*,,,,
*,,,,>,,,,,,,,,
**,,,,,,,,,,,,,
****,,,,,,,,,*
#########,,,,,,,,*
#........,,,,,,,,,
#........**,######
#........*,,......
#@.......#,,......
#)..........<.....
****#######........#........
*,,,...............#........
*,,,...............#........
*,+*######+........#........
*,*,,,*,,,#...^....#........
*,*,,,*,,,#........#........
***,,,,,,,#.................


There were no monsters in sight!

Vanquished Creatures
  A water moccasin skeleton (D:2)
  An orc wizard (D:3)
  A dart slug (D:1)
  4 endoplasms
  2 giant cockroaches
  3 goblins
  4 hobgoblins
  4 jackals (D:2)
  A quokka (D:1)
  8 ball pythons
  5 bats
  4 frilled lizards
  2 kobolds
  7 rats
47 creatures vanquished.

Notes
Turn   | Place    | Note
-------+----------+-------------------------------------------
     0 | D:1      | Zonian the Vine Stalker Conjurer began the quest for the
                  | Orb.
     0 | D:1      | Reached XP level 1. HP: 9/9 MP: 4/4
   509 | D:1      | Reached XP level 2. HP: 13/13 MP: 0/6
  1850 | D:2      | Reached XP level 3. HP: 16/16 MP: 3/7
  2206 | D:2      | Found Bopas's Armour Shoppe.
  2308 | D:2      | Reached skill level 5 in Conjurations
  2308 | D:2      | Gained mutation: Your natural rate of healing is unusually
                  | fast. [Vine Stalker growth]
  2308 | D:2      | Reached XP level 4. HP: 14/21 MP: 6/8
  2973 | D:3      | Noticed Sigmund
  3233 | D:3      | Noticed a centaur
  3396 | D:3      | HP: 1/21 [orc wizard (1)]
  3397 | D:3      | Succumbed to an orc wizard's poison

Illustrated notes

Levels and vault maps discovered:
D:1:      tarquinn_simple_flora_water_e, layout_loops_corners
D:2:      layout_basic, serial_shops, shop, minmay_door_square,
          minmay_fountain_box
D:3:      cheibrodos_thug_alley, layout_basic,
          nicolae_ru_great_annihilating_truth,
          hellmonk_ecumenical_altar_leap_of_faith, uniq_jessica, uniq_sigmund

Skill      XL: |  1  2  3 |
---------------+----------+-----
Stealth        | 3 |  3.0
Conjurations   | 5 |  5.1
Fighting       | |  0.5
Short Blades   | |  0.9
Dodging        | |  1.8
Spellcasting   | |  2.7

Action                   |  1- 3 |  4- 6 || total
-------------------------+-------+-------++-------
Melee: Dagger            |    45 |    47 ||    92
       Bite              |     7 |    10 ||    17
 Cast: Magic Dart        |    54 |    23 ||    77
  Use: Scroll            |       |     9 ||     9
Armor: Robe              |     9 |     7 ||    16
Dodge: Dodged            |    24 |    25 ||    49

Table legend: (Time is in decaauts)
 A = Elapsed time spent in this place.
 B = Non-inter-level travel time spent in this place.
 C = Inter-level travel time spent in this place.
 D = Time resting spent in this place.
 E = Time spent auto-exploring this place.
 F = Levels seen in this place.
 G = Mean time per level.
                   A        B        C        D        E       F      G
               +--------+--------+--------+--------+--------+-----+--------+
         Total |   3395 |   3238 |    157 |    918 |   1923 |   3 | 1131.7 |
       Dungeon |   3395 |   3238 |    157 |    918 |   1923 |   3 | 1131.7 |
               +--------+--------+--------+--------+--------+-----+--------+

Top non-repeatable levels by time:
     D:1: 1627 daAuts
     D:2: 1439 daAuts
     D:3: 328 daAuts
